 Dungeon Crawl Stone Soup version 0.31.0-9-g3a7656b989 (webtiles) character file.

Game seed: 3183624047748826917

58 Gottschkopf the Cudgeller (level 3, 31/31 HPs)
             Began as a Minotaur Fighter on Jan 27, 2024.
             Was a Follower of Kikubaaqudgha.
             Quit the game on level 2 of the Dungeon.
             The game lasted 00:04:10 (1164 turns).

Gottschkopf the Cudgeller (Minotaur Fighter)        Turns: 1164, Time: 00:04:10

Health: 31/31      AC:  6    Str: 22    XL:     3   Next: 76%
Magic:  11/11      EV:  9    Int:  5    God:    Kikubaaqudgha [*.....]
Gold:   27         SH:  4    Dex:  9    Spells: 2/2 levels left

rFire   . . .        a - +0 flail
rCold   . . .        c - +0 buckler
rNeg    . . .        b - +0 scale mail
rPois   .            (helmet restricted)
rElec   .            (no cloak)
rCorr   .            (no gloves)
SInv    .            (no boots)
Will    .....        (no amulet) Stlth
                     g - ring of magical power
HPRegen 0.25/turn    (no ring)
MPRegen 0.12/turn

%: no passive effects
@: no status effects
A: horns 2, retaliatory headbutt
a: Renounce Religion, Unearth Wretches


You were on level 2 of the Dungeon.
You worshipped Kikubaaqudgha.
Kikubaaqudgha was aware of your devotion.
You visited 1 branch of the dungeon, and saw 2 of its levels.

You collected 27 gold pieces.

Inventory:

Hand Weapons
 a - a +0 flail (weapon)
Armour
 b - a +0 scale mail (worn)
 c - a +0 buckler (worn)
Jewellery
 g - a ring of magical power (left hand)
Scrolls
 e - 3 scrolls of teleportation {unknown}
 f - a scroll of fog {unknown}
 i - 2 scrolls of identify {unknown}
 j - 2 scrolls of poison {unknown}
 k - a scroll of butterflies {unknown}
Potions
 d - a potion of might
 h - 2 potions of magic {unknown}


   Skills:
 - Level 3.6 Fighting
 + Level 5.1 Maces & Flails
 - Level 3.6 Armour
 - Level 3.6 Shields


You had 2 spell levels left.
You didn't know any spells.
Your spell library contained the following spells:

 Spells                   Type           Power      Damage    Failure   Level
 Cigotuvi's Dreadful Rot  Necr/Alch/Air  0%         N/A       95%         2
 Sublimation of Blood     Necr           0%         N/A       95%         2
 Vampiric Draining        Necr           0%         2d6       99%         3
 Animate Dead             Necr           0%         N/A       100%        4


Dungeon Overview and Level Annotations

Branches:
Dungeon (2/15)

Altars:
Kikubaaqudgha


Innate Abilities, Weirdness & Mutations

You have a pair of horns on your head.
You reflexively headbutt those who attack you in melee.


Message History

You sock the endoplasm!
You kill the endoplasm!
Your Maces & Flails skill increases to level 5!
You hit the rat.
You kill the rat!
You see here a rat corpse.
You see here a giant cockroach corpse.
There is a faded altar of an unknown god here.
This altar belongs to (a) Sif Muna, (b) Xom or (c) Kikubaaqudgha, but you can't tell which.
Press the corresponding letter to learn more about a god, or press enter to convert or escape to cancel.
Kikubaaqudgha accepts your prayer! Kikubaaqudgha welcomes you!
You can now bring forth the wretched and dying.
Kikubaaqudgha grants you a gift!
You add the spells Cigotuvi's Dreadful Rot, Sublimation of Blood, Vampiric Draining and Animate Dead to your library.
There are no items here.
A giant cockroach comes into view.
You hit the giant cockroach but do no damage.
The giant cockroach bites you.
The giant cockroach bites you but does no damage.
You hit the giant cockroach.
The giant cockroach is moderately wounded.
The giant cockroach bites you but does no damage.
You thump the giant cockroach!
You kill the giant cockroach!
Kikubaaqudgha accepts your kill.
HP restored.
You see here a giant cockroach corpse.
Found a stone staircase leading down.
A hobgoblin comes into view.
The hobgoblin shouts!
You hear a shout!
You see here a scroll labelled ORYWEDORPHO.
You sock the hobgoblin!
You kill the hobgoblin!
Kikubaaqudgha accepts your kill.
A kobold comes into view. It is wielding a +0 whip.
The kobold shouts!
You see here a hobgoblin corpse.
j - 2 scrolls labelled ORYWEDORPHO (gained 1)
Okay, then.
Are you sure you want to abandon this character and quit the game? (Confirm with "yes".)

.....###..
.........### .
..........#
..####........#
.............# #
#..........### .#
#..........# ..#
#@.........# ...#
#†.........#....#
#.K...............#
#K.................#
..>..........#####...
#.#.##.....##†....##
# #. #.....#..#.<..#
# #.....#.......# .
###...#.<._.#.....


You could see a kobold.

Vanquished Creatures
  2 adders (D:2)
  5 bats (D:1)
  5 endoplasms
  3 giant cockroaches
  3 goblins (D:1)
  4 hobgoblins
  2 quokkas (D:1)
  3 ball pythons (D:1)
  A frilled lizard (D:1)
  5 kobolds (D:1)
  4 rats
37 creatures vanquished.

Notes
Turn   | Place    | Note
-------+----------+-------------------------------------------
     0 | D:1      | Gottschkopf the Minotaur Fighter began the quest for the
                  | Orb.
     0 | D:1      | Reached XP level 1. HP: 19/19 MP: 0/0
    46 | D:1      | Reached skill level 3 in Maces & Flails
   123 | D:1      | Reached XP level 2. HP: 15/26 MP: 1/1
   451 | D:1      | Reached skill level 4 in Maces & Flails
   832 | D:1      | Reached XP level 3. HP: 30/31 MP: 2/2
  1065 | D:2      | Found a faded altar of an unknown god.
  1081 | D:2      | Reached skill level 5 in Maces & Flails
  1086 | D:2      | Prayed at the altar of an unknown god.
  1086 | D:2      | Became a worshipper of Kikubaaqudgha
  1086 | D:2      | Reached * piety under Kikubaaqudgha
  1086 | D:2      | Received a gift from Kikubaaqudgha
  1164 | D:2      | Quit the game

Illustrated notes

Levels and vault maps discovered:
D:1:      dpeg_arrival_erosion, layout_basic, serial_curves, eino_curves_04,
          eino_curves_01
D:2:      layout_basic, nicolae_ecumenical_pavilion, grunt_decor_one_mirror,
          minmay_lizard_king

Skill      XL: |  1  2  3 |
---------------+----------+-----
Maces & Flails | 3 4 5 |  5.1
Fighting       | |  3.6
Armour         | |  3.6
Shields        | |  3.6

Action                     || total
---------------------------++-------
  Melee: Flail             ||    62
         Headbutt          ||     6
 Armour: Scale mail        ||    55
  Dodge: Dodged            ||    39
  Block: Buckler           ||    13
